 Dungeon Crawl Stone Soup version 0.31-a0-496-g6f97920a28 (webtiles) character file.

Game seed: 9180003691328038141

910 Newt the Changeling (level 7, -2/57 HPs)
             Began as a Black Draconian Shapeshifter on Aug 8, 2023.
             Was a Follower of Okawaru.
             Slain by a gnoll
             ... wielding a +0 heavy halberd
             ... led by a gnoll bouda
              (13 damage)
             ... on level 6 of the Dungeon.
             The game lasted 00:04:48 (4329 turns).

Newt the Changeling (Black Draconian Shapeshifter)  Turns: 4329, Time: 00:04:48

Health: -2/57      AC: 10    Str: 19    XL:     7   Next: 81%
Magic:  7/7        EV: 12    Int:  8    God:    Okawaru [*.....]
Gold:   397        SH:  0    Dex: 12    Spells: 6/6 levels left

rFire   . . .        i - +5 sling
rCold   + . .        (no shield)
rNeg    . . .        (body armour unavailable)
rPois   .            (helmet currently unavailable)
rElec   +            (cloak currently unavailable)
rCorr   .            (gloves currently unavailable)
SInv    .            (boots currently unavailable)
Will    .....        (no amulet)
Stlth   +            e - +4 ring of protection
HPRegen 0.29/turn    k - ring of protection from cold
MPRegen 0.10/turn

%: no passive effects
@: beast-form, hasted, very quick
A: beast (slay +4), breathe lightning, AC +6, unfitting armour, electricity
resistance, cold-blooded
a: Breathe Lightning, Begin Untransformation, Renounce Religion, Heroism


You were on level 6 of the Dungeon.
You worshipped Okawaru.
Okawaru was aware of your devotion.
You were a hulking beast.
You visited 1 branch of the dungeon, and saw 6 of its levels.
You also visited: Ossuary.

You collected 397 gold pieces.

Inventory:

Hand Weapons
 f - a +2 vampiric dagger
 i - a +5 sling (weapon)
Armour
 n - an orb of energy
Jewellery
 e - a +4 ring of protection (left hand)
 k - a ring of protection from cold (right hand)
 q - a ring of positive energy
Talismans
 b - a beast talisman (active)
 c - a flux talisman
Scrolls
 g - a scroll of poison
 j - a scroll of butterflies
 p - a scroll of vulnerability
 x - a scroll of revelation
Potions
 a - 3 potions of lignification
 d - 3 potions of magic
 h - a potion of berserk rage
 l - 3 potions of curing
 m - a potion of haste
 o - 2 potions of might {unknown}
 s - a potion of enlightenment {unknown}
 t - a potion of mutation {unknown}
 u - a potion of attraction {unknown}
 v - 2 potions of heal wounds {unknown}
 w - 2 potions of brilliance {unknown}


   Skills:
 - Level 3.0 Fighting
 + Level 5.2 Ranged Weapons
 - Level 1.7 Dodging
 - Level 3.0 Unarmed Combat
 - Level 6.0 Shapeshifting


You had 6 spell levels left.
You didn't know any spells.
Your spell library contained the following spells:

 Spells                   Type           Power      Damage    Failure   Level
 Shock                    Conj/Air       0%         1d3       41%         1
 Cigotuvi's Dreadful Rot  Necr/Pois/Air  0%         N/A       54%         2
 Dazzling Flash           Conj/Hex       0%         N/A       78%         3
 Volatile Blastmotes      Fire/Tloc      0%         2d10      78%         3
 Silence                  Hex/Air        0%         N/A       100%        5
 Starburst                Conj/Fire      0%         6d3       100%        6
 Maxwell's Capacitive Co  Air            0%         ∞         100%        8
 Chain Lightning          Conj/Air       0%         N/A       100%        9


Dungeon Overview and Level Annotations

Branches:
Dungeon (6/15)            Ossuary (visited)
 Temple: D:4-7

Altars:
Ashenzari
Okawaru
Xom
Zin

Shops:
D:4 :


Innate Abilities, Weirdness & Mutations

You are a hulking beast.
Your limbs bulge with bestial killing power. (Slay +4)
You can breathe wild blasts of lightning.
Your glossy black scales are hard. (AC +6)
You cannot fit into any form of body armour.
You are resistant to electric shocks. (rElec)
You are cold-blooded and may be slowed by cold attacks.


Message History

You shoot a sling bullet. The sling bullet hits the gnoll.
The gnoll is heavily wounded.
The gnoll is no longer moving quickly.
The gnoll barely misses you.
You shoot a sling bullet.
The sling bullet barely misses the gnoll.
You shoot a sling bullet. The sling bullet hits the gnoll.
The gnoll is almost dead.
The gnoll is no longer moving quickly.
You shoot a sling bullet. The sling bullet hits the gnoll!
You kill the gnoll!
Okawaru accepts your kill.
The gnoll hits you from afar with a +0 heavy halberd!!
The gnoll hits you with a +0 flail.
* * * LOW HITPOINT WARNING * * *
Unknown command.
The gnoll is no longer moving quickly.
Fire: i) +5 sling
Press: ? - help, Shift-Dir - straight line, f - gnoll
Aim: a gnoll, wielding a +0 heavy halberd (71% to hit)
You shoot a sling bullet. The sling bullet hits the gnoll!
The gnoll is severely wounded.
Unknown command.
Unknown command.
Fire: i) +5 sling
Press: ? - help, Shift-Dir - straight line, f/p - gnoll
Aim: a gnoll, wielding a +0 heavy halberd (71% to hit)
You shoot a sling bullet. The sling bullet hits the gnoll!
The gnoll is severely wounded.
Unknown command.
Fire: i) +5 sling
Press: ? - help, Shift-Dir - straight line, f/p - gnoll
Aim: a gnoll, wielding a +0 heavy halberd (severely wounded, 71% to hit)
You shoot a sling bullet. The sling bullet hits the gnoll.
The gnoll is almost dead.
The gnoll bouda barks out a call to the hunt!
The gnolls pick up the pace!
The gnoll hits you with a +0 flail.
* * * LOW HITPOINT WARNING * * *
The gnoll hits you from afar with a +0 heavy halberd!
You die...

.......§#..#..........#...#
........'..#..........'.<.#
........#.##(......g..######
#########.#########g#......#
#...........).#......#
#.............#......#
#.........g...#......#
###.##.###g##.#.....[#
#####.##+###h###########
#..'.........+
#..#.........#
##############


You could see a gnoll bouda and 3 gnolls.

Vanquished Creatures
  A wyvern (D:5)
  A black bear (D:5)
  A scorpion (D:5)
  A vampire bat (D:4)
  2 jellies
  A hound (D:4)
  2 orc priests
  An iguana (D:5)
  Terence (D:2)
  2 orc wizards
  8 mummies (Ossuary)
  A gnoll (D:6)
  4 adders
  2 worms
  5 dart slugs
  24 orcs
  4 endoplasms
  2 giant cockroaches
  3 gnoll zombies (Ossuary)
  7 goblins
  15 hobgoblins
  6 jackals
  3 kobolds (D:1)
  3 quokkas
  9 ball pythons
  10 bats
  5 frilled lizards
  2 hobgoblin zombies (Ossuary)
  3 orc zombies (Ossuary)
  A quokka zombie (D:5)
  26 rats
  A rat zombie (D:5)
157 creatures vanquished.

Vanquished Creatures (others)
  An angel (D:5)
1 creature vanquished.

Grand Total: 158 creatures vanquished

Notes
Turn   | Place    | Note
-------+----------+-------------------------------------------
     0 | D:1      | Newt the Draconian Shapeshifter began the quest for the
                  | Orb.
     0 | D:1      | Reached XP level 1. HP: 16/16 MP: 1/1
    28 | D:1      | Reached XP level 2. HP: 18/25 MP: 2/2
   258 | D:1      | Reached XP level 3. HP: 25/31 MP: 3/3
   611 | D:1      | You fall into a shaft and drop 1 floor!
   725 | D:2      | Found a faded altar of an unknown god.
   964 | D:2      | Noticed Terence
   966 | D:2      | Reached XP level 4. HP: 38/38 MP: 4/4
   970 | D:2      | Killed Terence
   971 | D:2      | Reached skill level 4 in Shapeshifting
  1318 | D:2      | Found a broken altar of Ashenzari.
  1895 | D:3      | Reached XP level 5. HP: 45/45 MP: 5/5
  2236 | D:4      | Reached skill level 5 in Shapeshifting
  2439 | D:4      | Reached XP level 6. HP: 47/51 MP: 6/6
  2592 | D:4      | Found Gefroon's Vocational Training.
  2869 | D:4      | Found an iron altar of Okawaru.
  2931 | D:4      | Became a worshipper of Warmaster Okawaru
  2986 | D:5      | Entered Level 5 of the Dungeon
  3079 | D:5      | Reached skill level 6 in Shapeshifting
  3079 | D:5      | Reached skill level 1 in Ranged Weapons
  3217 | D:5      | Noticed a wyvern
  3231 | D:5      | Killed a wyvern
  3232 | D:5      | Your scales start taking on a glossy black colour.
  3232 | D:5      | Reached XP level 7. HP: 26/57 MP: 7/7
  3232 | D:5      | Gained mutation: You are resistant to electric shocks.
                  | (rElec) [Black Draconian growth]
  3317 | D:5      | Killed an angel
  3332 | D:5      | Found a sand-covered staircase.
  3339 | Ossuary  | Entered an ossuary
  3363 | Ossuary  | Reached * piety under Okawaru
  3574 | D:5      | Found a glowing silver altar of Zin.
  3574 | D:5      | Found a shimmering altar of Xom.
  4072 | D:5      | Reached skill level 5 in Ranged Weapons
  4287 | D:6      | Got the Compendium of the Septic Brume
  4329 | D:6      | Slain by a gnoll

Illustrated notes

Levels and vault maps discovered:
D:1:      wander_arrival_lonely_grave, layout_basic
D:2:      layout_loops_cross, basic_altar, ebering_ecumenical_altar_box,
          uniq_terence
D:3:      layout_basic, minmay_rat_hole
D:4:      layout_cave_pools, lemuel_coloured_pillars_altar, roderic_batcave,
          nicolae_shop_vocational
D:5:      layout_loops_ring, grunt_temple_overflow_order_and_chaos_1,
          enter_ossuary_4
D:6:      layout_gridville, jmf_multi_god_temple

Skill      XL: |  1  2  3  4  5  6  7 |
---------------+----------------------+-----
Fighting       | 2 3 |  3.0
Shapeshifting  | 4 5 6 |  6.0
Ranged Weapons | 3 5 |  5.2
Dodging        | |  1.7
Unarmed Combat | |  3.0

Action                     |  1- 3 |  4- 6 |  7- 9 || total
---------------------------+-------+-------+-------++-------
  Melee: Unarmed           |    31 |       |       ||    31
         Tailslap          |     5 |       |       ||     5
         Punch             |     1 |       |       ||     1
         Dagger            |    23 |       |       ||    23
   Fire: Sling             |    46 |   197 |   100 ||   343
    Use: Scroll            |     7 |     5 |     4 ||    16
         Potion            |       |       |     1 ||     1
   Stab: Sleeping          |     1 |       |       ||     1
 Armour: Skin              |    19 |    67 |    15 ||   101
  Dodge: Dodged            |    38 |    71 |    34 ||   143

Table legend: (Time is in decaauts)
 A = Elapsed time spent in this place.
 B = Non-inter-level travel time spent in this place.
 C = Inter-level travel time spent in this place.
 D = Time resting spent in this place.
 E = Time spent auto-exploring this place.
 F = Levels seen in this place.
 G = Mean time per level.
                   A        B        C        D        E       F      G
               +--------+--------+--------+--------+--------+-----+--------+
         Total |   4436 |   4217 |    219 |    234 |   3172 |   7 |  633.7 |
       Dungeon |   4215 |   3996 |    219 |    234 |   3047 |   6 |  702.5 |
       Ossuary |    220 |    220 |      0 |      0 |    125 |   1 |  220.0 |
               +--------+--------+--------+--------+--------+-----+--------+

Top non-repeatable levels by time:
     D:5: 987 daAuts
     D:3: 936 daAuts
     D:1: 793 daAuts
     D:2: 709 daAuts
     D:4: 627 daAuts
 Ossuary: 220 daAuts
     D:6: 160 daAuts
